 Dungeon Crawl Stone Soup version 0.27.1 (webtiles) character file.

Game seed: 15050580706832205621

53 ZARRMARR the Digger (level 3, 0/19 HPs)
             Began as a Gargoyle Earth Elementalist on Aug 28, 2021.
             Slain by Robin (2 damage)
             ... on level 2 of the Dungeon.
             The game lasted 00:10:20 (2954 turns).

ZARRMARR the Digger (Gargoyle Earth Elementalist)   Turns: 2954, Time: 00:10:21

Health: 0/19       AC:  6    Str: 17    XL:     3   Next: 89%
Magic:  0/7        EV: 11    Int: 16    God:
Gold:   34         SH:  0    Dex: 10    Spells: 6/7 levels left

rFire    . . .     SeeInvis .   c - +0 dagger
rCold    . . .     Faith    .   (no shield)
rNeg     + . .     Spirit   .   b - +0 robe
rPois    ∞         Reflect  .   (no helmet)
rElec    +         Harm     .   (no cloak)
rCorr    .         Rampage  .   d - +0 pair of gloves
Will     .....                  (no boots)
Stlth    ++........             e - amulet of the acrobat
HPRegen  0.06/turn              f - +6 ring of strength
MPRegen  0.10/turn              (no ring)

@: no status effects
A: sickness immunity, AC +3, negative energy resistance 1, electricity
resistance, torment resistance 1, petrification resistance
a: no special abilities


You were on level 2 of the Dungeon.
You visited 1 branch of the dungeon, and saw 2 of its levels.

You collected 34 gold pieces.

Inventory:

Hand Weapons
 c - a +0 dagger (weapon)
Missiles
 g - 13 stones
Armour
 b - a +0 robe (worn)
 d - a +0 pair of gloves (worn)
Jewellery
 e - an amulet of the acrobat (around neck)
 f - a +6 ring of strength (left hand)
Scrolls
 a - a scroll of identify


   Skills:
 - Level 1.5 Dodging
 - Level 2.1 Stealth
 + Level 2.9 Spellcasting
 * Level 0.1 Conjurations
 - Level 0.7 Transmutations
 + Level 4.8 Earth Magic


You had 6 spell levels left.
You knew the following spells:

 Your Spells              Type           Power      Damage    Failure   Level
a - Sandblast             Erth           34%        2d9       2%          1

Your spell library contained the following spells:

 Spells                   Type           Power      Damage    Failure   Level
 Passwall                 Tmut/Erth      9%         N/A       9%          2
 Stone Arrow              Conj/Erth      20%        3d8       21%         3
 Inner Flame              Hex/Fire       2%         N/A       50%         3
 Petrify                  Tmut/Erth      11%        N/A       52%         4
 Cause Fear               Hex            1%         N/A       88%         4
 Discord                  Hex            1%         N/A       100%        8


Dungeon Overview and Level Annotations

Branches:
Dungeon (2/15)

Altars:
Makhleb

Annotations:
D:2 Robin


Innate Abilities, Weirdness & Mutations

You are immune to sickness and miasma.
Your stone body is resilient. (AC +3)
You are immune to poison.
You resist negative energy. (rN+)
You are resistant to electric shocks. (rElec)
You are resistant to unholy torment.
You are immune to petrification.


Message History

Robin hits you but does no damage.
Casting: Sandblast (safe; 2% risk of failure)
Confirm with . or Enter, or press ? or * to list all spells.
Aiming: Sandblast (safe; 2% risk of failure)
Press: ? - help, Shift-Dir - straight line, f/p - Robin
Aim: Robin, wielding a +0 spear of flaming, wearing a +0 ring mail and wearing a +0 helmet (moderately wounded, 87% to hit)
The blast of sand hits Robin but does no damage.
Robin is moderately wounded.
Robin closely misses you.
Robin hits you with a +0 spear of flaming.
Robin burns you.
The frilled lizard completely misses you.
There is an open door here.
You closely miss Robin.
Robin is moderately wounded.
Robin hits you with a +0 spear of flaming.
Robin burns you.
The frilled lizard bites you but does no damage.
You hit Robin.
Robin is heavily wounded.
Robin hits you but does no damage. The frilled lizard bites you.
You hit Robin but do no damage.
Robin is heavily wounded.
Robin hits you but does no damage. The frilled lizard bites you.
You barely miss Robin.
Robin is heavily wounded.
Robin hits you but does no damage.
The frilled lizard bites you but does no damage.
Unknown command.
You barely miss Robin.
Robin is heavily wounded.
Robin hits you with a +0 spear of flaming.
* * * LOW HITPOINT WARNING * * *
Robin burns you.
* * * LOW HITPOINT WARNING * * *
The frilled lizard bites you but does no damage.
You hit Robin but do no damage.
Robin is heavily wounded.
Robin hits you with a +0 spear of flaming.
You die...

#...<........
#####.g...#.#.#. #.##..
..........# #.# ...#.##
#####.#...# #.# .......
# #.#...#.#)# .......
#####.#...#.#.# .......
......#...#.#.# .......
#####.#...#.#.###g......
..# #.#...#.....@l......
..# #.#...#...###.......
..# #.# #...##########
..###.### #........#
..'.....# ###.##...#
..###.#.# #.# ..# ..#
#.#.# #.# ## ..#
#.#.#####'####### ###
#.#.##...........


You could see Robin and a frilled lizard.

Vanquished Creatures
  2 worms (D:2)
  5 ball pythons
  3 endoplasms (D:1)
  2 giant cockroaches (D:1)
  10 goblins
  6 hobgoblins
  3 quokkas (D:1)
  3 bats
  4 frilled lizards
  4 kobolds
  3 rats
45 creatures vanquished.

Notes
Turn   | Place    | Note
-------+----------+-------------------------------------------
     0 | D:1      | ZARRMARR the Gargoyle Earth Elementalist began the quest
                  | for the Orb.
     0 | D:1      | Reached XP level 1. HP: 10/10 MP: 3/3
    36 | D:1      | Reached skill level 4 in Earth Magic
   402 | D:1      | Reached XP level 2. HP: 15/15 MP: 1/5
   599 | D:1      | Found a faded altar of an unknown god.
  1472 | D:2      | Reached XP level 3. HP: 19/19 MP: 3/6
  1696 | D:2      | Noticed Robin
  1939 | D:2      | Found a burning altar of Makhleb.
  2954 | D:2      | Slain by Robin

Illustrated notes

Levels and vault maps discovered:
D:1:      wander_arrival_lonely_grave, layout_basic,
          hellmonk_ecumenical_altar_slurped_away, st_stairs_13
D:2:      layout_basic, basic_altar, uniq_robin

Skill      XL: |  1 |
---------------+----+-----
Earth Magic    | 4 |  4.8
Dodging        | |  1.5
Stealth        | |  2.1
Spellcasting   | |  2.9
Conjurations   | |  0.1
Transmutations | |  0.7

Action                   || total
-------------------------++-------
Melee: Unarmed           ||    24
       Dagger            ||    32
 Cast: Sandblast         ||    60
  Use: Scroll            ||     4
Armor: Robe              ||    33
Dodge: Dodged            ||    55
